AoeStats
← Unknown

Arena

510194529Analyzed
4v4 RM · 2d ago on Sep 29, 2026· 56m 37s· 8 players
Game mode
Random Map
Map size
Large (8 player)
Population
200
Speed
Normal
Resources
Standard
Victory
Conquest
Starting age
Dark Age
Ending age
Imperial Age
RankedLock teamsTeams togetherTeam positionsShared explorationLock speedFull tech treeHidden civsTurbo modeCheats
Victory
Defeat
🇵🇪 Huns · Peru
1152
+16
🇫🇷 Jurchens · France
1119
+17
🇲🇽 Vietnamese · Mexico
1092
+18
🇨🇦 Mongols · Canada
1074
+20
🇪🇨 Ethiopians · Ecuador
1199
-19
🇪🇨 Khmer · Ecuador
1154
-18
🇨🇱 Saxons · Chile
1145
-18
🇪🇨 Varangians · Ecuador
1094
-16
在里面
12:29 Feudal Age
13:40 Double-Bit Axe
16:32 Castle Age
14:35 Horse Collar
19:03 Loom
23:55 Squires
26:15 Wheelbarrow
25:50 Heavy Plow
26:07 Bow Saw
26:52 Gold Mining
26:48 Pikeman
29:56 Hand Cart
32:57 Husbandry
33:07 Bloodlines
32:18 Light Cavalry
35:53 Elite Skirmisher
37:45 Gold Shaft Mining
37:00 Stone Mining
36:57 Town Watch
41:44 Imperial Age
40:05 Fortified Wall
40:16 Ballistics
42:53 Conscription
42:54 Drill
41:56 Elite Mangudai
43:11 Hoardings
43:06 Parthian Tactics
43:16 Scale Mail Armor
43:26 Forging
43:21 Scale Barding Armor
43:07 Fletching
43:17 Padded Archer Armor
44:20 Chemistry
43:11 Guard Tower
44:02 Heavy Camel Rider
44:49 Arson
45:44 Caravan
46:33 Capped Ram
47:32 Heavy Cavalry Archer
49:04 Siege Ram
51:07 Iron Casting
50:47 Chain Mail Armor
50:52 Chain Barding Armor
55:00 Blast Furnace
54:30 Plate Mail Armor
53:56 Bodkin Arrow
54:16 Leather Archer Armor
55:28 Elite Skirmisher
ic.adelira
10:10 Feudal Age
14:40 Castle Age
13:57 Double-Bit Axe
13:56 Horse Collar
22:05 Wheelbarrow
22:29 Bow Saw
24:39 Hand Cart
24:14 Loom
24:18 Town Watch
25:22 Heavy Plow
25:29 Heavy Plow
26:42 Gold Mining
29:36 Imperial Age
29:00 Bloodlines
28:51 Husbandry
29:45 Chatras
30:10 Scale Barding Armor
30:17 Forging
29:57 Fletching
32:12 Paper Money
34:02 Chain Barding Armor
34:17 Iron Casting
34:05 Elite Battle Elephant
38:43 Light Cavalry
39:44 Bodkin Arrow
39:49 Padded Archer Armor
39:18 Crossbowman
40:47 Ballistics
41:27 Chemistry
40:36 Thumb Ring
40:15 Arbalester
42:13 Bracer
42:29 Leather Archer Armor
45:46 Guilds
53:06 Leather Archer Armor
53:02 Siege Engineers
senninha
9:58 Feudal Age
9:36 Loom
14:22 Castle Age
12:45 Double-Bit Axe
13:05 Horse Collar
14:29 Town Watch
15:27 Wheelbarrow
15:32 Padded Archer Armor
19:54 Gold Mining
24:05 Fletching
29:47 Heavy Plow
30:34 Leather Archer Armor
32:10 Stone Mining
34:31 Bow Saw
38:57 Imperial Age
38:34 Bodkin Arrow
41:38 Imperial Age
40:47 Ballistics
43:02 Gold Shaft Mining
43:01 Conscription
43:36 Hand Cart
44:12 Ring Archer Armor
44:45 Chemistry
46:13 Squires
45:58 Gambesons
45:59 Arson
48:47 Two-Man Saw
48:23 Stone Shaft Mining
48:01 Thunderclap Bombs
48:24 Crop Rotation
51:40 Elite Iron Pagoda
52:28 Scale Barding Armor
52:34 Forging
54:20 Chain Barding Armor
54:36 Iron Casting
57:28 Hoardings
Unknown
10:25 Feudal Age
14:10 Castle Age
12:21 Double-Bit Axe
12:46 Horse Collar
15:17 Bow Saw
15:09 Heavy Plow
21:14 Wheelbarrow
23:38 Hand Cart
23:11 Loom
23:13 Town Watch
27:53 Imperial Age
25:42 Scale Barding Armor
25:47 Forging
25:57 Marauders
27:23 Town Patrol
27:50 Chain Barding Armor
28:05 Iron Casting
27:58 Elite Tarkan
29:17 Plate Barding Armor
29:15 Husbandry
29:26 Bloodlines
30:54 Blast Furnace
45:42 Fletching
46:22 Bodkin Arrow
48:58 Two-Man Saw
Gamezbold69
10:09 Loom
12:16 Feudal Age
15:43 Castle Age
17:21 Double-Bit Axe
17:22 Horse Collar
24:40 Bloodlines
25:46 Husbandry
30:11 Ballistics
34:39 Imperial Age
32:47 Wheelbarrow
34:50 Padded Archer Armor
36:31 Chemistry
36:33 Conscription
39:12 Double Crossbow
43:28 Elite Ballista Elephant
44:18 Fletching
45:40 Bodkin Arrow
46:24 Bow Saw
55:16 Siege Engineers
4k_hd
1:49 Loom
10:11 Feudal Age
19:54 Castle Age
18:59 Wheelbarrow
18:10 Town Watch
19:53 Stone Mining
19:54 Gold Mining
19:47 Horse Collar
19:54 Double-Bit Axe
22:15 Stone Shaft Mining
24:04 Bow Saw
24:06 Heavy Plow
26:38 Hand Cart
26:27 Town Patrol
26:49 Forging
26:45 Scale Barding Armor
32:29 Imperial Age
31:13 Iron Casting
30:39 Scale Mail Armor
30:30 Fletching
30:28 Pikeman
31:09 Squires
33:46 Murder Holes
34:02 Fortified Wall
34:13 Ballistics
34:27 Conscription
36:06 Conscription
36:36 Chain Mail Armor
37:37 Siege Engineers
38:33 Chemistry
45:13 Two-Man Saw
48:01 Elite Skirmisher
50:03 Man-at-Arms
50:29 Gambesons
50:39 Halberdier
51:19 Long Swordsman
Ochin1chin
11:08 Feudal Age
12:55 Loom
15:22 Castle Age
13:30 Stone Mining
14:23 Gold Mining
14:15 Horse Collar
14:50 Double-Bit Axe
18:17 Scale Mail Armor
18:29 Forging
18:16 Arson
20:35 Squires
33:27 Chain Mail Armor
33:48 Iron Casting
35:00 Wheelbarrow
37:16 Hand Cart
41:47 Imperial Age
39:44 Royal Heirs
40:27 Bow Saw
40:43 Fletching
40:54 Padded Archer Armor
42:29 Town Watch
43:50 Plate Mail Armor
Tha Chilenman
10:43 Feudal Age
15:51 Castle Age
14:04 Double-Bit Axe
14:39 Scale Mail Armor
14:47 Horse Collar
16:55 Stone Mining
17:09 Heavy Plow
17:32 Bow Saw
20:04 Wheelbarrow
19:44 Gold Mining
20:16 Chain Mail Armor
24:00 Hand Cart
25:36 Gold Shaft Mining
30:00 Imperial Age
27:29 Loom
28:41 Squires
28:29 Gambesons
28:37 Fletching
28:59 Forging
31:21 Crop Rotation
31:28 Conscription
31:55 Shield Wall
32:06 Pikeman
32:42 Elite Hearth Troop
33:30 Town Watch
33:35 Elite Varangian Guard
35:32 Iron Casting
36:02 Plate Mail Armor
34:58 Halberdier
41:15 Arson
41:54 Siege Engineers
42:01 Masonry
44:30 Two-Man Saw
48:00 Bodkin Arrow
48:37 Ballistics
49:17 Chemistry
52:22 Architecture
52:08 Bracer
53:50 Padded Archer Armor
Connection lost

Rejoining the realm…

Still unreachable

The connection could not be restored.

Session expired

The server has moved on; the page needs a fresh start.